 Dungeon Crawl Stone Soup version 0.23.0 (webtiles) character file.

Game seed: 17903804978317113468

114 Delanovic the Poker (level 4, -2/37 HPs)
             Began as a Hill Orc Gladiator on Feb 19, 2019.
             Was an Initiate of Okawaru.
             Slain by a goblin
             ... wielding a +0 dagger
             ... led by Robin
              (5 damage)
             ... on level 2 of the Dungeon.
             The game lasted 00:03:42 (2552 turns).

Delanovic the Poker (Hill Orc Gladiator)            Turns: 2552, Time: 00:03:43

Health: -2/37      AC:  5    Str: 16    XL:     4   Next: 97%
Magic:  4/4        EV: 12    Int:  9    God:    Okawaru [......]
Gold:   184        SH:  0    Dex: 12    Spells: 3/3 levels left

rFire    + . .     SeeInvis .   a - +0 trident
rCold    x . .     Gourm    .   (no shield)
rNeg     . . .     Faith    .   b - +0 leather armour
rPois    .         Spirit   .   t - +1 helmet
rElec    .         Reflect  .   (no cloak)
rCorr    .         Harm     .   (no gloves)
MR       .....                  (no boots)
Stlth    +.........             (no amulet)
HPRegen  0.12/turn              v - ring of fire
MPRegen  0.09/turn              (no ring)

@: no status effects
A: no striking features
a: Renounce Religion


You were on level 2 of the Dungeon.
You worshipped Okawaru.
Okawaru was noncommittal.
You were hungry.

You visited 1 branch of the dungeon, and saw 3 of its levels.

You collected 184 gold pieces.

Inventory:

Hand Weapons
 a - a +0 trident (weapon)
Missiles
 d - 3 throwing nets (quivered)
 u - 3 tomahawks
Armour
 b - a +0 leather armour (worn)
 c - a +0 helmet
 t - a +1 helmet (worn)
Jewellery
 v - a ring of fire (left hand)
Wands
 p - a wand of clouds (7)
Scrolls
 g - 6 scrolls of identify {unknown}
 j - a scroll of amnesia {unknown}
 k - a scroll of enchant armour {unknown}
 l - a scroll of blinking {unknown}
 m - a scroll of immolation {unknown}
 o - a scroll of remove curse {unknown}
 q - 2 scrolls of magic mapping {unknown}
 s - a scroll of noise {unknown}
Potions
 e - a potion of haste {unknown}
 h - a potion of heal wounds
 i - 2 potions of curing {unknown}
 n - a potion of ambrosia {unknown}
 r - a potion of cancellation {unknown}
 w - a potion of might {unknown}
Comestibles
 f - 5 rations


   Skills:
 - Level 2.4 Fighting
 + Level 6.0 Polearms
 - Level 1.7 Throwing
 - Level 2.4 Dodging


You had 3 spell levels left.
You didn't know any spells.
Your spell library was empty.

Dungeon Overview and Level Annotations

Branches:
Dungeon (3/15)

Altars:
Gozag
Okawaru
Xom

Annotations:
D:3 Robin


Message History

You are too injured to fight recklessly!
You are too injured to fight recklessly!
You are too injured to fight recklessly!
You are too injured to fight recklessly!
You barely miss the goblin. The goblin hits you with a +0 dagger.
* * * LOW HITPOINT WARNING * * *
The goblin hits you but does no damage.
You hit the goblin.
You kill the goblin!
Okawaru accepts your kill.
You are feeling hungry.
The goblin hits you with a +0 dagger.
* * * LOW HITPOINT WARNING * * *
The goblin barely misses you.
Things that are here:
a +0 dagger; a goblin corpse You hit the goblin.
The goblin is severely wounded.
The goblin hits you with a +0 dagger.
You die...

##.##.###♣♣♣♣.♣.♣♣♣
#.....###..........
#..#####.[####...##
#..# #.## #.#.##
#..# #.# #.#.#.
#).# #(# #.#.#.
#..# ##.# #.#.#.
#..# #..#####.....
#.@####.##...)...#.
#.>g.........#####.
##.###.###.#.## #.
#.##..# #....#####
#.##.## #.........
#.##.# ##...#####
#.##.# ##.## #
#.##.# #.# # #.##.#
#.# #


You could see a goblin.

Vanquished Creatures
  An adder (D:2)
  3 oozes
  2 worms (D:2)
  2 leopard geckos
  An orc (D:3)
  4 giant cockroaches
  13 goblins
  12 hobgoblins
  9 jackals
  6 kobolds
  A quokka (D:2)
  3 ball pythons
  7 bats
  3 frilled lizards
  5 rats
72 creatures vanquished.

Notes
Turn   | Place    | Note
-------+----------+-------------------------------------------
     0 | D:1      | Delanovic the Hill Orc Gladiator began the quest for the
                  | Orb.
     0 | D:1      | Reached XP level 1. HP: 18/18 MP: 1/1
    73 | D:1      | Reached XP level 2. HP: 13/25 MP: 2/2
   338 | D:1      | Reached skill level 4 in Polearms
   621 | D:1      | Reached XP level 3. HP: 30/30 MP: 3/3
  1322 | D:2      | Reached skill level 5 in Polearms
  1327 | D:2      | Found an iron altar of Okawaru.
  1347 | D:2      | Became a worshipper of Warmaster Okawaru
  1470 | D:2      | Reached XP level 4. HP: 37/37 MP: 4/4
  1799 | D:2      | Found a faded altar of an unknown god.
  2010 | D:2      | Found an iron altar of Okawaru.
  2108 | D:3      | Found an opulent altar of Gozag.
  2251 | D:3      | Found a shimmering altar of Xom.
  2503 | D:3      | Noticed Robin
  2529 | D:3      | Reached skill level 6 in Polearms
  2552 | D:2      | Slain by a goblin

Skill      XL: |  1  2  3  4 |
---------------+-------------+-----
Polearms       | 4 5 6 |  6.0
Fighting       | |  2.4
Throwing       | |  1.7
Dodging        | |  2.4

Action                   |  1- 3 |  4- 6 || total
-------------------------+-------+-------++-------
Melee: Trident           |   129 |   112 ||   241
  Use: Potion            |       |     1 ||     1
 Stab: Distracted        |     1 |       ||     1
       Sleeping          |       |     1 ||     1
  Eat: Chunk             |     2 |     3 ||     5
Armor: Leather armour    |    26 |    32 ||    58
Dodge: Dodged            |    85 |    63 ||   148
